Map: Dead of Night

Players

monk

  • Race: Zerg Zerg
  • Spawn Location: 0:00

Maguro

  • Race: Terran Terran
  • Spawn Location: 0:00

VOD

Have the link to the VOD?

Description

Time

  • Played on: June 12, 2017, 11:17 a.m.
  • Length: 18:42
Show
View Real Time Build Order
Export as new Build Order

monk Zerg 

Build Orders:  

Get SALT Encoding   

  6  0:10  Drone x2  
  6  0:19  Drone x2  
  8  0:28  Drone x2  
  9  0:34  Extractor  
  8  0:45  Drone x2  
  9  0:53  Drone x2  
  10  1:12  Spawning Pool  
  10  1:19  Drone x2  
  11  1:26  Drone x2  
  12  1:34  Drone x2  
  12  1:37  Extractor  
  12  1:48  Baneling Nest  
  12  1:54  Drone x2  
  13  2:02  Extractor  
  13  2:03  Drone x2  
  13  2:11  Overlord  
  13  2:36  Drone x2  
  13  2:37  Drone x2  
  13  2:39  Queen  
  19  2:54  Drone x2  
  20  3:03  Overlord  
  20  3:17  Drone x2  
  22  3:26  Centrifical Hooks  
  22  3:28  Hatchery  
  23  3:39  Drone x2  
  26  3:52  Drone x2  
  27  4:12  Lair  
  27  4:15  Metabolic Boost  
  29  4:20  Evolution Chamber  
  29  4:21  Evolution Chamber  
  29  4:26  Drone x2  
  31  5:01  Heroic Fortitude  
  31  5:03  Zerg Melee Weapons Level 1  
  31  5:14  Hardened Carapace  
  31  5:16  Hive  
  31  5:17  Corrosive Acid  
  33  5:27  Overlord  
  33  5:30  Queen  
  33  5:31  Overlord  
  37  6:03  Medusa Blades  
  37  6:16  Adrenal Overload  
  39  6:47  Rupture  
  41  6:50  Overlord x2  
  41  6:51  Overlord x2  
  41  6:53  Overlord  
  41  7:16  Swarmling x12  
  49  7:27  Shredding Claws  
  51  7:54  Swarmling x18  
  51  7:55  Swarmling x30  
  62  8:14  Swarmling x3  
  62  8:15  Swarmling x9  
  55  8:39  Swarmling x3  
  64  8:40  Swarmling x33  
  73  9:03  Swarmling x3  
  73  9:04  Swarmling x21  
  85  9:19  Swarmling x3  
  86  9:20  Swarmling x12  
  86  9:22  Overlord  
  89  9:37  Roach x4  
  89  9:38  Roach x16, Swarmling x12  
  89  9:39  Swarmling x3  
  90  9:48  Swarmling x3  
  90  9:49  Swarmling x9  
  93  10:14  Queen x2  
  93  10:17  Drone x2  
  84  11:05  Spine Crawler  
  84  11:06  Spine Crawler  
  84  11:07  Spine Crawler  
  78  11:10  Spine Crawler  
  58  11:32  Drone x2  
  58  11:33  Drone x8  
  58  11:35  Zerg Melee Weapons Level 2, Zerg Ground Armor Level 1  
  58  11:36  Spine Crawler  
  63  11:55  Spine Crawler  
  63  11:56  Spine Crawler  
  62  12:08  Spore Crawler  
  62  12:11  Spore Crawler  
  62  12:12  Spine Crawler  
  62  12:17  Spine Crawler  
  62  12:23  Spine Crawler  
  61  12:34  Overseer  
  60  12:41  Roach x10  
  60  12:42  Roach x10  
  62  12:51  Spine Crawler  
  62  12:52  Spore Crawler, Queen  
  62  12:55  Spore Crawler  
  62  13:28  Queen  
  58  14:39  Zerg Ground Armor Level 2  
  58  14:45  Zerg Melee Weapons Level 3  
  60  15:07  Swarmling x3  
  60  15:08  Swarmling x15  
  71  15:37  Swarmling x12  
  71  15:38  Swarmling x12  
  85  15:56  Swarmling x3  
  85  15:57  Swarmling x30  
  89  16:03  Roach x14  
  89  16:04  Roach x6  
  90  16:20  Swarmling x3  
  90  16:21  Swarmling x6  
  95  16:38  Swarmling x6  
  97  16:55  Swarmling x6  
  88  17:05  Swarmling x3  
  87  17:18  Swarmling x3  
  87  17:19  Swarmling x24  
  96  17:22  Swarmling x3  
  83  17:40  Swarmling x3  
  83  17:56  Swarmling x3  
  79  18:00  Swarmling x3  
  79  18:01  Swarmling x12  
  79  18:02  Swarmling x3  
Show
View Real Time Build Order
Export as new Build Order

Maguro Terran 

Build Orders:  

Get SALT Encoding   

  12  1:54  Command Center  
  12  1:55  Command Center  
Tags
 
Commander
RaynorZagara
Matchup
Co-op
Replay Pack
Co-op Speedrun
Add a new tag
Caveats
  • Supply blocks, unpowered buildings, or Contaminate may cause inaccurate times.
  • Supply counts are checked every 10 seconds.